 Dungeon Crawl Stone Soup version 0.28-a0-410-gbef64dd269 (webtiles) character file.

Game seed: 11947833616943720679

269848 olmar the Peltast (level 19, -7/183 HPs)
             Began as a Deep Dwarf Fighter on Sept 4, 2021.
             Was the Champion of Makhleb.
             Killed from afar by a storm dragon (45 damage)
             ... with a bolt of lightning
             ... on level 2 of the Depths on Sept 6, 2021.
             The game lasted 01:49:27 (33173 turns).

olmar the Peltast (Deep Dwarf Fighter)             Turns: 33173, Time: 01:49:28

Health: -7/183     AC: 26    Str: 30    XL:     19   Next: 79%
Magic:  6/6        EV:  7    Int:  9    God:    Makhleb [******]
Gold:   2413       SH: 27    Dex: 18    Spells: 18/18 levels left

rFire   + + +      SeeInvis +   y - +6 trident of Ru {spect, rPois}
rCold   + . .      Faith    .   g - +0 tower shield
rNeg    + . .      Spirit   .   Q - +4 plate armour {rPois}
rPois   +          Reflect  +   Y - +2 hood of the Assassin {Detection Stab+ Stlth++}
rElec   .          Harm     .   X - scarf {rC+ rF+}
rCorr   .          Rampage  +   (no gloves)
Will    +++..                   x - +0 pair of boots {rampage}
Stlth   ..........              B - amulet "Jyid" {Reflect rF+ Str+2 SH+5}
HPRegen 0.00/turn               f - ring "Jewnah Pinacw" {rPois rF+ Slay+2 SInv}
MPRegen 0.10/turn               a - ring "Quit" {Will+ Dex+6 Slay+3}

@: no status effects
A: damage resistance, heal wounds, negative energy resistance 1, sense
surroundings 3, no regeneration
}: 1/15 runes: gossamer
a: Heal Wounds, Renounce Religion, Minor Destruction, Lesser Servant of Makhleb,
Major Destruction, Greater Servant of Makhleb


You were on level 2 of the Depths.
You worshipped Makhleb.
Makhleb was exalted by your worship.
You visited 7 branches of the dungeon, and saw 33 of its levels.
You visited the Abyss 1 time.
You also visited: Bailey.

You collected 6131 gold pieces.
You spent 3718 gold pieces at shops.

Inventory:

Hand Weapons
 i - a +3 antimagic bardiche
 y - the +6 trident of Ru (weapon) {spect, rPois}
   (You found it on level 5 of the Dungeon)

   When its wielder attacks, the weapon's spirit leaps out and strikes again.
   The spirit shares a part of any damage it takes with its wielder.
   rPois:     It protects you from poison.
 A - a +2 vampiric demon whip
 U - a +2 demon blade of freezing
Missiles
 r - a throwing net (quivered)
Armour
 g - a +0 tower shield (worn)
 x - a +0 pair of boots of rampaging (worn)
 Q - a +4 plate armour of poison resistance (worn)
 X - a scarf of resistance (worn)
 Y - the +2 hood of the Assassin (worn) {Detection Stab+ Stlth++}
   (You bought it in a shop on level 2 of the Orcish Mines)

   It allows the wearer to sense nearby creatures.
   It allows the wearer to make particularly effective stabbing attacks against
   helpless or unaware enemies with any weapon.
   Stlth:     It makes you much more stealthy.
Jewellery
 a - the ring "Quit" (right hand) {Will+ Dex+6 Slay+3}
   (You found it on level 2 of the Orcish Mines)

   [ring of dexterity]

   Dex:       It affects your dexterity (+6).
   Slay:      It affects your accuracy & damage with ranged weapons and melee
   (+3).
   Will:      It increases your willpower.
 d - a +4 ring of evasion
 f - the ring "Jewnah Pinacw" (left hand) {rPois rF+ Slay+2 SInv}
   (You found it on level 2 of the Lair of Beasts)

   [ring of see invisible]

   Slay:      It affects your accuracy & damage with ranged weapons and melee
   (+2).
   rF:        It protects you from fire.
   rPois:     It protects you from poison.
   SInv:      It lets you see invisible.
 p - a ring of protection from cold
 s - a ring of positive energy
 z - a ring of protection from cold
 B - the amulet "Jyid" (around neck) {Reflect rF+ Str+2 SH+5}
   (You acquired it on level 2 of the Orcish Mines)

   [amulet of reflection]

   It reflects blocked missile attacks.
   Str:       It affects your strength (+2).
   rF:        It protects you from fire.
   SH:        It affects your SH (+5).
 J - a ring of positive energy
 L - a +6 ring of strength
 M - a ring of willpower
Wands
 k - a wand of polymorph (23)
 v - a wand of flame (17)
 I - a wand of digging (10)
 S - a wand of paralysis (4)
Scrolls
 b - a scroll of holy word
 e - 4 scrolls of blinking
 j - a scroll of silence
 l - 3 scrolls of noise
 m - 6 scrolls of enchant weapon
 n - 3 scrolls of enchant armour
 C - 7 scrolls of fear
 D - 5 scrolls of magic mapping
 E - 2 scrolls of teleportation
 G - a scroll of summoning
 K - 2 scrolls of brand weapon
 P - 6 scrolls of identify
 R - 2 scrolls of fog
Potions
 c - 2 potions of attraction
 h - 3 potions of curing
 o - 3 potions of resistance
 q - a potion of ambrosia
 t - 3 potions of magic
 w - 3 potions of lignification
 F - a potion of invisibility
 N - 3 potions of flight
 T - 3 potions of cancellation
 W - 2 potions of mutation
 Z - a potion of brilliance
Miscellaneous
 u - a lightning rod (4/4)
 H - a phial of floods


   Skills:
 + Level 14.7 Fighting
 + Level 9.4(15.3) Axes
 + Level 16.4(17.0) Polearms
 + Level 18.4 Armour
 - Level 0.6 Stealth
 + Level 20.0 Shields
 + Level 12.2 Invocations


You had 18 spell levels left.
You didn't know any spells.
Your spell library contained the following spells:

 Spells                   Type           Power      Damage    Failure   Level
 Beastly Appendage        Tmut           0%         N/A       98%         1
 Foxfire                  Conj/Fire      0%         2x1d4     98%         1
 Sandblast                Erth           0%         2d4       98%         1
 Slow                     Hex            0%         N/A       99%         2
 Wereblood                Tmut           0%         N/A       99%         2
 Call Canine Familiar     Summ           0%         N/A       100%        3
 Confusing Touch          Hex            0%         N/A       100%        3
 Conjure Flame            Conj/Fire      0%         6-21      100%        3
 Dazzling Flash           Conj/Hex       0%         N/A       100%        3
 Gell's Gravitas          Tloc           0%         N/A       100%        3
 Ignite Poison            Fire/Tmut/Pois 0%         N/A       100%        3
 Lesser Beckoning         Tloc           0%         N/A       100%        3
 Portal Projectile        Hex/Tloc       0%         N/A       100%        3
 Spider Form              Tmut/Pois      0%         N/A       100%        3
 Stone Arrow              Conj/Erth      0%         3d7       100%        3
 Teleport Other           Tloc           0%         N/A       100%        3
 Vampiric Draining        Necr           0%         2d6       100%        3
 Flame Wave               Conj/Fire      0%         3d3       100%        4
 Iskenderun's Mystic Bla  Conj/Tloc      0%         2d3       100%        4
 Leda's Liquefaction      Hex/Erth       0%         N/A       100%        4
 Sticky Flame             Conj/Fire      0%         2d3       100%        4
 Blade Hands              Tmut           0%         N/A       100%        5
 Excruciating Wounds      Necr           0%         N/A       100%        5
 Fireball                 Conj/Fire      0%         3d3       100%        5
 Freezing Cloud           Conj/Ice/Air   0%         6-21      100%        5
 Lee's Rapid Deconstruct  Erth           0%         3d5*      100%        5
 Simulacrum               Ice/Necr       0%         N/A       100%        6
 Starburst                Conj/Fire      0%         6d3       100%        6
 Statue Form              Tmut/Erth      0%         N/A       100%        6
 Malign Gateway           Summ/Tloc      0%         N/A       100%        7
 Spellforged Servitor     Conj/Summ      0%         N/A       100%        7
 Ignition                 Fire           0%         3d3       100%        8
 Lehudib's Crystal Spear  Conj/Erth      0%         10d2      100%        8
 Summon Horrible Things   Summ           0%         N/A       100%        8
 Chain Lightning          Conj/Air       0%         N/A       100%        9
 Dragon's Call            Summ           0%         N/A       100%        9
 Fire Storm               Conj/Fire      0%         5d1       100%        9
 Polar Vortex             Ice            0%         N/A       100%        9
 Shatter                  Erth           0%         3d5*      100%        9


Dungeon Overview and Level Annotations

Branches:
Dungeon (15/15)            Temple (1/1) D:6            Lair (6/6) D:10
 Shoals (0/4) Lair:2       Spider (4/4) Lair:4        Slime (0/5) Lair:6
    Orc (2/2) D:9             Elf (3/3) Orc:2        Vaults (0/5) D:13
 Depths (2/5) D:15         Bailey (visited)

Altars:
Ashenzari
Cheibriados
Elyvilon
Fedhas
Gozag
Makhleb
Okawaru
Qazlal
Ru
Sif Muna
Trog
Vehumet
Wu Jian
Xom
Yredelemnul
Zin
The Shining One
Beogh
Jiyva

Shops:
D:9 ?   D:14 *   Orc:2 (?*[   Elf:1 (*!   Depths:1 [!(

Portals:
Hell: Depths:1
Abyss: Depths:1
Pandemonium: Depths:1

Annotations:
Lair:5 exclusion: oklob plant
Lair:6 exclusion: oklob plant


Innate Abilities, Weirdness & Mutations

You are resistant to damage.
You can heal yourself by infusing magical energy.
You resist negative energy. (rN+)
You passively map a large area around you.
You do not regenerate.


Message History

Unknown command.
You impale the caustic shrike!!
You kill the caustic shrike!
Makhleb accepts your kill.
The spriggan berserker hits you with a +0 war axe!!
* * * LOW HITPOINT WARNING * * *
The spriggan berserker hits your smoke demon with a +0 war axe!!
Your smoke demon closely misses the spriggan berserker.
Your smoke demon barely misses the spriggan berserker.
Your smoke demon closely misses the spriggan berserker.
Unknown command.
You completely miss the spriggan berserker.
The spriggan berserker is heavily wounded.
Your +6 trident of Ru {spect, rPois} barely misses the spriggan berserker.
You block the spriggan berserker's attack.
The spriggan berserker hits your smoke demon with a +0 war axe.
Unknown command.
You closely miss the spriggan berserker.
The spriggan berserker is heavily wounded.
Your +6 trident of Ru {spect, rPois} hits the spriggan berserker from afar!!
The spriggan berserker is no longer berserk.
Your smoke demon misses the spriggan berserker.
Your smoke demon hits the spriggan berserker but does no damage.
Your smoke demon closely misses the spriggan berserker.
The spriggan berserker invokes Trog's protection!
You puncture the spriggan berserker!
The spriggan berserker is almost dead.
Your +6 trident of Ru {spect, rPois} closely misses the spriggan berserker.
Your smoke demon gestures at the spriggan berserker.
The spriggan berserker is smitten.
The spriggan berserker dies!
Makhleb accepts your kill.
Reach: y) +6 trident of Ru {spect, rPois}
Press: ? - help, Dir - move target, f - fire giant
Aim: a fire giant, wielding a +2 great sword of flaming (about 10% to evade the +6 trident of Ru)
You reach to attack!
You hit the fire giant.
The fire giant is lightly wounded.
The storm dragon breathes lightning at you.
The bolt of lightning hits you!!!
You die...

, , , * * * ,
*######+### ** , *
,*#........., * ,
,, , #......... ,,
,, , ,, , , ,,
#......... ** , **,
* ##......... * ≈ ,
, * ,,**
##.......... * ** ,
*, #(.........., ,
, , ,§#@..........
* , , ,⌠,
,....CCD3##'#####+#
,, ,
....?C####.##... ,
, , #..#.#
###.##..# , * #.
##, #...##..# * , ,
*** , ##..##..# ,,
, , , *#..##..# , ,
, , {
#......#####.# * *
** * ,
##.##.†......#


You could see a storm dragon (catching breath), a fire giant (ally target), 2
ettins, a friendly smoke demon (summoned) and a friendly +6 trident of Ru
{spect, rPois} (summoned).

Vanquished Creatures
  2 juggernauts (Depths:2)
  A caustic shrike (Depths:2)
  the Enchantress (Depths:1)
  Arachne (Spider:3)
  Rupert (Lair:6)
  A lich (Depths:2)
  2 deep elf master archers (Elf:3)
  A deep elf blademaster (Elf:3)
  A sphinx (Depths:2)
  3 fire giants (Depths:2)
  An orc warlord (Orc:2)
  5 ghost moths
  Louise (D:14)
  6 deep elf sorcerers
  Aizul (Elf:1)
  4 spriggan defenders
  3 emperor scorpions (Spider:4)
  7 very ugly things
  3 stone giants (Depths:1)
  2 deep elf demonologists
  Nessos (D:13)
  9 deep elf annihilators
  A corrupter (Abyss:3)
  A vampire knight (Depths:1)
  The ghost of Naer Xoypaimp the Thaumaturge, a journeyman DjWn of Makhleb (Lair:4)
  5 spark wasps
  An entropy weaver (Spider:4)
  Snorg (D:14)
  4 deep elf death magi (Elf:3)
  4 ettins
  Josephine (D:12)
  3 fire dragons
  3 deep elf high priests (Elf:3)
  9 hydras
  An ice dragon (Depths:1)
  A spriggan air mage (Depths:1)
  5 boulder beetles
  2 catoblepae
  5 centaur warriors
  28 dancing weapons
  7 two-headed ogres
  13 death yaks
  2 deep troll shamans (Depths:1)
  A spriggan berserker (Depths:1)
  A tengu warrior (Depths:1)
  3 orc high priests (Orc:2)
  2 thrashing horrors (Abyss:3)
  A vampire mage (D:15)
  Sonja (D:11)
  Nergalle (D:12)
  6 skeletal warriors (D:15)
  24 deep elf knights
  2 wretched stars (Abyss:3)
  An iron troll (D:13)
  3 deep trolls (Depths:1)
  A flayed ghost (Depths:1)
  2 shadow demons (Abyss:3)
  6 deep elf archers
  A glowing orange brain (Depths:2)
  A swamp dragon (Lair:6)
  An obsidian statue (Elf:3)
  31 deep elf pyromancers
  3 wizards
  5 orc knights
  Pikel (D:5)
  33 deep elf zephyrmancers
  A necromancer (D:15)
  2 phantasmal warriors (Depths:1)
  A will-o-the-wisp (Abyss:3)
  22 wolf spiders
  4 orc sorcerers
  27 ugly things
  11 orb spiders
  A worldbinder (Abyss:3)
  A manticore (D:14)
  4 cyclopes
  5 moths of wrath
  A guardian serpent (shapeshifter) (D:15)
  4 black mambas
  An apocalypse crab (Abyss:3)
  A stone giant skeleton (D:15)
  A water nymph (shapeshifter) (D:13)
  3 unseen horrors
  A gargoyle (D:10)
  11 cane toads
  2 rime drakes
  A smoke demon (Abyss:3)
  2 efreet
  A spriggan zombie (D:15)
  2 tengu conjurers
  4 kobold demonologists
  3 demonic crawlers
  13 komodo dragons
  An ancient zyme (Abyss:3)
  3 polar bears
  A meliai (shapeshifter) (D:13)
  16 jumping spiders
  7 trolls
  7 hornets
  Prince Ribbit (D:7)
  4 raiju (Abyss:3)
  32 blink frogs
  5 dream sheep (Lair:4)
  7 slime creatures
  2 flying skulls (Abyss:3)
  An air elemental (Elf:3)
  A deep troll skeleton (D:15)
  32 redbacks
  19 tarantellas
  4 spriggans
  A redback (shapeshifter) (Depths:1)
  A shadow (D:11)
  A water elemental (Elf:3)
  7 wraiths
  4 wyverns
  28 yaks
  A fire elemental (Elf:1)
  Eustachio (D:5)
  A fire bat (Bailey)
  A basilisk (Lair:6)
  Grum (D:8)
  4 steam dragons
  6 vampire mosquitoes
  A swamp worm (shapeshifter) (Depths:1)
  3 large abominations (Abyss:3)
  3 chaos spawn (Elf:1)
  5 swamp worms (Lair:2)
  3 acid dragons
  A warg (Orc:1)
  20 water moccasins
  4 hell hounds (Abyss:3)
  A black bear (Lair:3)
  51 orc warriors
  2 swamp drakes (Lair:6)
  9 ogres
  An ice beast (D:6)
  15 centaurs
  6 boggarts
  47 wolves
  Blork the orc (D:5)
  2 kobold brigands
  4 earth elementals
  11 bullfrogs
  3 scorpions (D:6)
  2 water moccasin skeletons (D:5)
  9 wights
  7 howler monkeys
  4 centaur zombies
  A jelly (D:5)
  A gnoll shaman (D:5)
  29 orc priests
  2 hounds
  A centaur skeleton (D:6)
  8 iguanas
  Ijyb (D:5)
  18 orc wizards
  A killer bee zombie (D:7)
  2 small abominations (Abyss:3)
  Robin (D:3)
  A howler monkey zombie (D:9)
  5 adders
  14 gnolls
  A white imp (D:8)
  An adder skeleton (D:4)
  2 worms
  4 dart slugs
  122 orcs
  6 ball pythons
  5 endoplasms
  2 giant cockroaches
  17 goblins
  6 hobgoblins
  2 jackals (D:1)
  13 kobolds
  3 quokkas
  4 bats
  4 frilled lizards
  4 rats
  6 briar patches (Lair:2)
1118 creatures vanquished.

Vanquished Creatures (collateral kills)
  A deep elf blademaster (Elf:3)
  A dancing weapon (Elf:2)
  An orc high priest (Orc:2)
  3 death yaks
  A spriggan berserker (Depths:2)
  2 orb spiders (Spider:4)
  2 deep elf zephyrmancers
  A cyclops (D:14)
  2 wolf spiders (Spider:4)
  2 centaur zombies (D:11)
  Psyche (D:11)
  A demonic crawler (Spider:1)
  2 hornets (Spider:4)
  A jumping spider (Spider:4)
  2 flying skulls (Abyss:3)
  2 redbacks (Spider:4)
  2 yaks (Lair:6)
  A tengu zombie (D:15)
  A water moccasin (Lair:3)
  An orc warrior (Orc:2)
  2 orc priests (Orc:2)
  An orc wizard (Orc:2)
  7 orcs (Orc:2)
40 creatures vanquished.

Vanquished Creatures (others)
  A deep elf sorcerer (Elf:3)
  A dancing weapon (Elf:2)
  A deep elf knight (Elf:3)
  2 deep elf pyromancers
  A tarantella (Spider:1)
  A centaur (D:14)
  An earth elemental (Elf:3)
  A briar patch (Lair:2)
  2 foxfires (Abyss:3)
  20 fungi
  30 plants
  10 withered plants (D:15)
71 creatures vanquished.

Grand Total: 1229 creatures vanquished

Notes
Turn   | Place    | Note
-------+----------+-------------------------------------------
     0 | D:1      | olmar the Deep Dwarf Fighter began the quest for the Orb.
     0 | D:1      | Reached XP level 1. HP: 20/20 MP: 1/1
    57 | D:1      | Reached XP level 2. HP: 21/27 MP: 2/2
   296 | D:1      | Reached XP level 3. HP: 29/34 MP: 3/3
   542 | D:2      | Reached XP level 4. HP: 31/42 MP: 4/4
   745 | D:2      | Found a faded altar of an unknown god.
  1240 | D:3      | Reached XP level 5. HP: 20/49 MP: 5/5
  1255 | D:3      | Noticed Robin
  1276 | D:3      | Killed Robin
  1347 | D:3      | Found a radiant altar of Vehumet.
  1371 | D:3      | Found a sacrificial altar of Ru.
  1372 | D:3      | Found an opulent altar of Gozag.
  2125 | D:4      | Reached skill level 5 in Axes
  2125 | D:4      | Reached skill level 4 in Shields
  2165 | D:4      | Found a white marble altar of Elyvilon.
  2671 | D:4      | Found a stormy altar of Qazlal.
  3202 | D:5      | Entered Level 5 of the Dungeon
  3202 | D:5      | Noticed Eustachio
  3224 | D:5      | Killed Eustachio
  3225 | D:5      | Reached XP level 6. HP: 39/56 MP: 5/5
  3418 | D:5      | Identified the amulet of Quag {Spirit Harm Fly Slay+2}
  3435 | D:5      | Noticed Blork the orc
  3444 | D:5      | Killed Blork the orc
  3445 | D:5      | Reached skill level 5 in Armour
  3445 | D:5      | Reached XP level 7. HP: 38/63 MP: 6/6
  3492 | D:5      | Reached skill level 5 in Shields
  3869 | D:5      | Noticed Pikel
  3889 | D:5      | Killed Pikel
  3890 | D:5      | Reached XP level 8. HP: 65/73 MP: 5/5
  4366 | D:5      | Noticed Ijyb
  4380 | D:5      | Killed Ijyb
  4697 | D:5      | Identified the +6 trident of Ru {spect, rPois}
  4763 | D:6      | Reached skill level 6 in Shields
  5492 | D:6      | Found a staircase to the Ecumenical Temple.
  5524 | Temple   | Entered the Ecumenical Temple
  5669 | Temple   | Became a worshipper of Makhleb the Destroyer
  6061 | D:7      | Noticed a hornet
  6063 | D:7      | a hornet changed into a fire bat
  6086 | D:7      | Noticed Prince Ribbit
  6102 | D:7      | Killed Prince Ribbit
  6103 | D:7      | Reached skill level 5 in Fighting
  6103 | D:7      | Gained mutation: You passively map the area around you.
                  | [Deep Dwarf growth]
  6103 | D:7      | Reached XP level 9. HP: 36/81 MP: 0/3
  6229 | D:7      | Noticed a troll
  6307 | D:8      | Found a flagged portal.
  6322 | Bailey   | Entered a bailey
  6416 | Bailey   | Reached * piety under Makhleb
  6457 | Bailey   | Reached skill level 7 in Shields
  6467 | Bailey   | Reached skill level 1 in Polearms
  7211 | D:8      | Noticed a deep elf pyromancer
  7215 | D:8      | Reached ** piety under Makhleb
  7217 | D:8      | Reached XP level 10. HP: 59/91 MP: 0/2
  7218 | D:8      | Killed a deep elf pyromancer
  7219 | D:8      | Reached skill level 8 in Shields
  7482 | D:8      | Found an ornate altar of the Wu Jian Council.
  7483 | D:8      | Noticed Grum
  7488 | D:8      | Killed Grum
  7489 | D:8      | Reached skill level 5 in Polearms
  7489 | D:8      | Reached skill level 1 in Invocations
  7669 | D:8      | Found a blossoming altar of Fedhas.
  7951 | D:9      | Identified the +1 ring mail of Qifef {Harm Str+3}
  7996 | D:9      | Reached *** piety under Makhleb
  8070 | D:9      | Found a staircase to the Orcish Mines.
  8264 | D:9      | Found Reecat's Magic Scroll Emporium.
  8270 | D:9      | Bought a scroll of teleportation for 51 gold pieces
  8270 | D:9      | Bought a scroll of fear for 59 gold pieces
  8270 | D:9      | Bought a scroll of blinking for 127 gold pieces
  8270 | D:9      | Bought a scroll of blinking for 127 gold pieces
  8463 | D:10     | Entered Level 10 of the Dungeon
  8472 | D:10     | Reached skill level 9 in Shields
  8503 | D:10     | Noticed an orc knight
  8512 | D:10     | Killed an orc knight
  8536 | D:10     | Identified the +5 ring mail "Buudejil" {Int+7}
  8596 | D:10     | Noticed a cyclops
  8603 | D:10     | Killed a cyclops
  8604 | D:10     | Reached XP level 11. HP: 99/99 MP: 0/4
  8622 | D:10     | Found a staircase to the Lair.
  8828 | D:10     | Noticed a cyan ugly thing
  8835 | D:10     | Killed a cyan ugly thing
  8857 | D:10     | Reached skill level 10 in Armour
  8857 | D:10     | Paralysed by a wight for 5 turns
  8989 | D:10     | Found an iron altar of Okawaru.
  9117 | D:11     | Noticed Psyche
  9118 | D:11     | Noticed a boulder beetle
  9749 | D:11     | Noticed a two-headed ogre
  9750 | D:11     | Noticed a boulder beetle
  9754 | D:11     | Killed a two-headed ogre
  9762 | D:11     | Killed a boulder beetle
  9854 | D:11     | Killed a boulder beetle
  9891 | D:11     | Killed Psyche
  9966 | D:11     | Noticed Sonja
  9974 | D:11     | Killed Sonja
 10303 | Orc:1    | Entered Level 1 of the Orcish Mines
 10390 | Orc:2    | Entered Level 2 of the Orcish Mines
 10423 | Orc:2    | Noticed a two-headed ogre
 10429 | Orc:2    | Killed a two-headed ogre
 10429 | Orc:2    | Reached **** piety under Makhleb
 10430 | Orc:2    | Reached skill level 5 in Invocations
 10430 | Orc:2    | Reached XP level 12. HP: 88/109 MP: 0/5
 10507 | Orc:1    | Reached skill level 10 in Shields
 10571 | Orc:1    | Found a bloodstained altar of Trog.
 11143 | Orc:2    | Noticed a two-headed ogre
 11147 | Orc:2    | Killed a two-headed ogre
 11148 | Orc:2    | Reached skill level 10 in Polearms
 11153 | Orc:2    | Reached ***** piety under Makhleb
 11294 | Orc:2    | Noticed an orc warlord
 11506 | Orc:2    | Noticed a two-headed ogre
 11510 | Orc:2    | Killed a two-headed ogre
 11581 | Orc:2    | Noticed a two-headed ogre
 11587 | Orc:2    | Killed a two-headed ogre
 11806 | Lair:1   | Entered Level 1 of the Lair of Beasts
 11839 | Lair:1   | Identified the +0 ring mail of Recklessness {Int+3}
 11900 | Lair:1   | Noticed a five-headed hydra
 11909 | Lair:1   | Killed a five-headed hydra
 12361 | Lair:2   | Found a transporter.
 12380 | Lair:2   | Noticed an eight-headed hydra
 12381 | Lair:2   | Found a transporter.
 12387 | Lair:2   | Killed an eight-headed hydra
 12388 | Lair:2   | Reached skill level 11 in Shields
 12444 | Lair:2   | Noticed a catoblepas
 12455 | Lair:2   | Killed a catoblepas
 12458 | Lair:2   | Reached XP level 13. HP: 93/117 MP: 0/7
 12502 | Lair:2   | Found a staircase to the Shoals.
 12679 | Orc:2    | Killed an orc warlord
 12853 | Orc:2    | Identified the ring "Quit" {Will+ Dex+6 Slay+3}
 12910 | Orc:2    | Found a staircase to the Elven Halls.
 12986 | Orc:2    | Found Vugec's Antique Armour Shop.
 13075 | Orc:2    | Found Torphuni's Assorted Antiques.
 13079 | Orc:2    | Reached ****** piety under Makhleb
 13574 | Orc:2    | Found Yrhoss's Antique Weapon Boutique.
 13675 | Orc:2    | Found Biell's Magic Scroll Shop.
 14054 | Lair:3   | Reached skill level 12 in Shields
 14180 | Lair:3   | Found a basalt altar of Yredelemnul.
 14818 | Lair:4   | Gained mutation: You resist negative energy. (rN+) [Deep
                  | Dwarf growth]
 14818 | Lair:4   | Reached XP level 14. HP: 129/129 MP: 5/8
 14825 | Lair:4   | Found a hole to the Spider Nest.
 15011 | Lair:4   | Found a runed translucent door.
 15017 | Lair:4   | Noticed Naer Xoypaimp's ghost (journeyman DjWn)
 15032 | Lair:4   | Killed Naer Xoypaimp's ghost
 15598 | Lair:5   | Reached skill level 10 in Fighting
 15636 | Lair:5   | Reached skill level 13 in Shields
 16374 | Lair:6   | Entered Level 6 of the Lair of Beasts
 16374 | Lair:6   | Noticed Rupert
 16388 | Lair:6   | Killed Rupert
 16389 | Lair:6   | Reached skill level 15 in Armour
 16668 | Lair:6   | Reached XP level 15. HP: 140/140 MP: 0/10
 16674 | Lair:6   | Found a viscous altar of Jiyva.
 16674 | Lair:6   | Found a staircase to the Slime Pits.
 16749 | Lair:6   | Found a glowing golden altar of the Shining One.
 17524 | Orc:2    | Bought a scroll of magic mapping for 42 gold pieces
 17524 | Orc:2    | Bought a scroll of acquirement for 624 gold pieces
 17524 | Orc:2    | Bought a scroll of identify for 24 gold pieces
 17524 | Orc:2    | Bought a scroll of blinking for 90 gold pieces
 17524 | Orc:2    | Bought a scroll of identify for 24 gold pieces
 17527 | Orc:2    | Acquired the amulet "Jyid" {Reflect rF+ Str+2 SH+5}
 17786 | D:12     | Noticed Josephine
 17795 | D:12     | Killed Josephine
 18226 | D:12     | Found a glowing golden altar of the Shining One.
 18499 | D:12     | Noticed Nergalle
 18963 | D:12     | Killed Nergalle
 19363 | D:13     | Reached skill level 14 in Shields
 19398 | D:13     | Noticed Nessos
 19404 | D:13     | Killed Nessos
 20058 | D:13     | Found a gate to the Vaults.
 20361 | D:14     | Noticed Louise
 20374 | D:14     | Killed Louise
 20533 | D:14     | Found an opulent altar of Gozag.
 20535 | D:14     | Found Gozag's Platinum Reserve.
 20538 | D:14     | Noticed Snorg
 20546 | D:14     | Killed Snorg
 20921 | D:15     | Entered Level 15 of the Dungeon
 21301 | D:15     | Reached XP level 16. HP: 123/151 MP: 12/12
 21334 | D:15     | Found a staircase to the Depths.
 21666 | D:15     | Reached skill level 15 in Shields
 21668 | D:15     | Upgraded the game from 0.28-a0-401-ge240ad9e29 to
                  | 0.28-a0-407-g69098e2f6d
 22114 | Elf:1    | Entered Level 1 of the Elven Halls
 22159 | Elf:1    | Found Nokail's Assorted Antiques.
 22417 | Elf:1    | Noticed Aizul
 22769 | Elf:1    | Killed Aizul
 22817 | Elf:1    | Reached skill level 15 in Polearms
 22957 | Elf:1    | Found Aptikeib's Weapon Emporium.
 23043 | Elf:1    | Cast into level 3 of the Abyss (+0 spear of distortion)
 23348 | Abyss:3  | Noticed a lich
 23359 | Abyss:3  | Reached skill level 10 in Invocations
 23394 | Abyss:3  | Paralysed by accursed screaming for 1 turns
 23400 | Abyss:3  | Paralysed by accursed screaming for 2 turns
 23416 | Abyss:3  | Noticed a hellephant
 23426 | Abyss:3  | Noticed a hellephant
 23438 | Abyss:3  | Found a corrupted altar of Lugonu.
 23478 | Elf:1    | Escaped the Abyss
 23574 | Elf:1    | Found Detischiody's Distillery.
 23580 | Elf:1    | Bought 2 potions of heal wounds for 150 gold pieces
 23580 | Elf:1    | Bought a potion of curing for 45 gold pieces
 23580 | Elf:1    | Bought a potion of curing for 45 gold pieces
 23580 | Elf:1    | Bought a potion of heal wounds for 75 gold pieces
 23580 | Elf:1    | Bought a potion of flight for 45 gold pieces
 23580 | Elf:1    | Bought a potion of haste for 150 gold pieces
 23580 | Elf:1    | Bought a potion of brilliance for 60 gold pieces
 23699 | Elf:1    | Acquired 905 gold pieces
 23823 | Elf:2    | Reached skill level 16 in Shields
 23856 | Elf:2    | Found a runed translucent gate.
 23856 | Elf:2    | Found a runed translucent gate.
 23856 | Elf:2    | Found a runed translucent gate.
 23898 | Elf:2    | Reached XP level 17. HP: 60/162 MP: 13/13
 24565 | Spider:1 | Entered Level 1 of the Spider Nest
 26431 | Spider:4 | Entered Level 4 of the Spider Nest
 26435 | Spider:4 | Noticed Arachne
 26436 | Spider:4 | Identified the +8 great mace "Veqyenutut" {drain, rC+
                  | Str+3}
 26458 | Spider:3 | Killed Arachne
 26481 | Spider:4 | Reached skill level 17 in Shields
 26934 | Depths:1 | Entered Level 1 of the Depths
 26945 | Depths:1 | Found a one-way gate to the infinite horrors of the Abyss.
 27011 | Depths:1 | Noticed the Enchantress
 27047 | Depths:1 | Killed the Enchantress
 27367 | Depths:1 | Identified the +6 battleaxe of Impatience {speed, +Blink
                  | Fly rN+ Will+}
 27403 | Depths:1 | Found Jiopt's Weapon Shop.
 27407 | Depths:1 | Found Okodual's Distillery.
 27409 | Depths:1 | Found Zeitetou's Armour Shop.
 27456 | Depths:1 | Found a gateway to Hell.
 27493 | Depths:1 | Found a one-way gate leading to the halls of Pandemonium.
 27722 | Depths:1 | Gained mutation: You passively map a large area around you.
                  | [Deep Dwarf growth]
 27722 | Depths:1 | Reached XP level 18. HP: 84/172 MP: 12/12
 28762 | Orc:2    | Bought the +2 hood of the Assassin {Detection Stab+
                  | Stlth++} for 1980 gold pieces
 28762 | Orc:2    | Found the +2 hood of the Assassin {Detection Stab+ Stlth++}
 28967 | Lair:2   | Identified the ring "Jewnah Pinacw" {rPois rF+ Slay+2 SInv}
 29244 | Spider:4 | Reached skill level 18 in Shields
 29432 | Spider:4 | Got a gossamer rune of Zot
 29943 | Elf:3    | Entered Level 3 of the Elven Halls
 30238 | Elf:3    | Acquired 1268 gold pieces
 30253 | Elf:3    | Identified the +7 falchion of Ewken {vorpal, rPois rF+ rN++
                  | Str-5}
 30353 | Elf:3    | Reached skill level 19 in Shields
 30582 | Elf:3    | Reached XP level 19. HP: 109/182 MP: 7/7
 30724 | Elf:3    | Paralysed by an air elemental for 1 turns
 31034 | Elf:3    | Found a shimmering blue altar of Sif Muna.
 31124 | Elf:3    | Got Lehudib's Incunabulum of the Mountains
 31135 | Elf:3    | Got the Incunabulum of the Thoughtful Nights
 31142 | Elf:3    | Identified the +1 scale mail of Rompuutz {rN+}
 31150 | Elf:3    | Identified the +1 scale mail "Qarhenoe" {rElec rC+ Dex-2}
 31197 | Elf:3    | Found the +2 robe of Vines {NoPotionHeal Regen+++}
 31263 | Elf:3    | Got the Guide on Dislocation and Flames
 31368 | Elf:3    | Upgraded the game from 0.28-a0-407-g69098e2f6d to
                  | 0.28-a0-410-gbef64dd269
 33104 | Depths:2 | Noticed a juggernaut
 33119 | Depths:2 | Killed a juggernaut
 33124 | Depths:2 | Noticed a juggernaut
 33139 | Depths:2 | Noticed a caustic shrike
 33145 | Depths:2 | Killed a juggernaut
 33146 | Depths:2 | Reached skill level 20 in Shields
 33169 | Depths:2 | Killed a caustic shrike
 33173 | Depths:2 | Killed from afar by a storm dragon

Illustrated notes

Levels and vault maps discovered:
D:1:      amcnicky_arrival_choice, layout_rooms
D:2:      layout_basic, chequers_ecumenical_altar_simple_redux
D:3:      layout_loops_ring, nicolae_vehumet_altar_sigil,
          chequers_temple_overflow_statue_of_worship,
          amcnicky_mini_rare_corridor_liquid, corexii_shack, uniq_robin
D:4:      layout_layer_cave, lemuel_round_altar, overflow_temple_1_default,
          kennysheep_big_empty_room, kennysheep_generic_room_5
D:5:      layout_basic, minmay_crystal_water, uniq_ijyb, uniq_eustachio,
          uniq_pikel, uniq_blork_the_orc
D:6:      layout_rooms, minmay_temple_entry_glass
D:7:      layout_cave_pools, corexii_corridor_pit, uniq_prince_ribbit1
D:8:      layout_basic, kennysheep_mini, nzn_wu_jian_council_hall,
          enter_bailey_2, uniq_grum
D:9:      layout_loops_ring, orc_0_dummy, serial_shops,
          nicolae_shop_statue_plus, feat_on_display
D:10:     layout_roguey, okawaru_altar_gauntlet_db, st_stairs_14,
          minmay_misc_feat_ornament
D:11:     layout_loops_cross, uniq_sonja, uniq_psyche
D:12:     layout_loops_ring, minmay_ruined_shrine, uniq_josephine, uniq_nergalle
D:13:     layout_small_grid, david_vaults_4, uniq_nessos
D:14:     layout_stronghold, nicolae_gozag_zags_fifth_avenue, uniq_snorg,
          uniq_louise
D:15:     gammafunk_depths_entry_grave, layout_loops_corners,
          corexii_leaking_fountain
Temple:   minmay_temple_curvy_branch
Lair:1:   layout_cave_shapes
Lair:2:   gammafunk_worm_tunnel, layout_big_grid, elwin_shoals_entry_rocks
Lair:3:   layout_regular_city, basic_altar, grunt_megastairs_4
Lair:4:   layout_roguey, nicolae_spider_entry_tight_spaces,
          ebering_ghost_reflecting_pool, lemuel_fruit_fields
Lair:5:   layout_cave_pods, st_stairs_4, minmay_lair_oklob_bushes,
          grunt_forest_large_clearings
Lair:6:   guppyfry_lair_end_dragon, layout_gridlike,
          dpeg_slime_entry_enclosed_altar, serial_forest,
          infiniplex_forest_clump_diagonal, infiniplex_forest_zigzag_1,
          infiniplex_forest_lined_room_3, infiniplex_forest_corner_1,
          infiniplex_forest_zigzag_2, lemuel_oklob_altar, uniq_rupert
Spider:1: layout_spider_delve, nicolae_spider_moth_buddies
Spider:2: layout_spider_delve, hangedman_spider_tarantella_strand,
          nicolae_spider_cling_halls
Spider:3: layout_spider_delve
Spider:4: spider_rune_water, uniq_arachne
Orc:1:    layout_caves, trog_butcher_becter
Orc:2:    pubby_orc_utopia
Elf:1:    elf_arrival_002, layout_rooms, serial_shops,
          nicolae_shop_overgrown_old_shop, nicolae_shop_statue_plus,
          nicolae_shop_statue_plus, hangedman_elf_disciples,
          nicolae_elf_free_trip_to_the_abyss, uniq_aizul
Elf:2:    elven_hall_of_blades_hangedman_original
          [nicolae_blade_entry_area_security], layout_rooms
Elf:3:    minmay_elf_hall_dome, layout_gridlike, guppyfry_elf_altar,
          grunt_megastairs_2
Depths:1: layout_roguey, pan_entry, hell_entry, hangedman_abyss_entry_splay,
          lemuel_flamethrower_1, serial_bayou_shore_b, minmay_shop_star,
          uniq_enchantress
Depths:2: minmay_crescents, layout_gridlike, hangedman_coc_ice_floe,
          serial_rivers, chequers_serial_rivers_small_3,
          chequers_serial_rivers_marsh, chequers_serial_rivers_small_b,
          chequers_serial_rivers_small_a, chequers_serial_rivers_micro_d,
          rand_demon_pan_entry_1, hangedman_aerie_drop

Skill      XL: |  1  2  3  4  5  6  7  8  9 10 11 12 13 14 15 16 17 18 19 |
---------------+----------------------------------------------------------+-----
Fighting       | 3 4 5 6 7 8 9 10 11 12 13 14 | 14.7
Axes           | 3 4 5 6 8 9 |  9.4
Armour         | 4 5 6 7 8 9 11 12 14 15 16 17 18 | 18.4
Shields        | 4 5 6 7 9 11 12 13 14 16 17 19 20 | 20.0
Polearms       | 3 7 9 11 12 13 14 15 16 | 16.4
Invocations    | 1 5 6 8 10 11 12 | 12.2
Stealth        | |  0.6

Action                   |  1- 3 |  4- 6 |  7- 9 | 10-12 | 13-15 | 16-18 | 19-21 || total
-------------------------+-------+-------+-------+-------+-------+-------+-------++-------
Melee: War axe           |    83 |   182 |   150 |       |       |       |       ||   415
       Trident           |       |       |    75 |   394 |   856 |  1231 |   257 ||  2813
Throw: Dart              |     8 |    52 |    80 |     1 |       |       |       ||   141
       Throwing net      |       |       |       |     1 |       |     1 |     1 ||     3
Invok: Minor Destruction |       |       |       |    12 |       |     2 |     3 ||    17
       Lesser Servant of |       |       |       |     3 |    20 |    40 |     4 ||    67
       Major Destruction |       |       |       |       |       |     9 |       ||     9
 Abil: Heal Wounds       |     1 |     4 |    21 |     4 |     3 |    53 |     6 ||    92
Evoke: Wand              |       |       |    16 |    51 |    31 |    73 |     6 ||   177
       Lightning rod     |       |       |       |       |     4 |    31 |     4 ||    39
       Phial of floods   |       |       |       |       |       |       |     1 ||     1
  Use: Potion            |       |     2 |     3 |     1 |     7 |    29 |     1 ||    43
       Scroll            |       |     1 |    12 |     2 |     6 |    15 |       ||    36
 Stab: Invisible         |       |       |     1 |       |     3 |       |       ||     4
       Distracted        |       |       |       |     7 |    19 |    28 |     5 ||    59
       Paralysed         |       |       |       |     5 |       |    12 |     4 ||    21
       Petrified         |       |       |       |       |     3 |       |       ||     3
       Petrifying        |       |       |       |       |     2 |       |       ||     2
Armor: Scale mail        |    47 |    85 |    37 |       |       |       |       ||   169
       Chain mail        |       |       |    26 |    74 |       |       |       ||   100
       Plate armour      |       |       |       |    16 |   185 |   386 |    28 ||   615
Dodge: Dodged            |    39 |    52 |    66 |    70 |    59 |    98 |    10 ||   394
Block: Buckler           |    16 |    11 |       |       |       |       |       ||    27
       Tower shield      |       |   106 |   180 |   184 |   469 |   942 |   135 ||  2016
       Reflection        |       |       |       |       |    30 |    36 |    15 ||    81

Table legend: (Time is in decaauts)
 A = Elapsed time spent in this place.
 B = Non-inter-level travel time spent in this place.
 C = Inter-level travel time spent in this place.
 D = Time resting spent in this place.
 E = Time spent auto-exploring this place.
 F = Levels seen in this place.
 G = Mean time per level.
                   A        B        C        D        E       F      G
               +--------+--------+--------+--------+--------+-----+--------+
         Total |  33027 |  29123 |   3904 |   4784 |  17270 |  35 |  943.6 |
       Dungeon |  14778 |  13060 |   1718 |   2165 |   8374 |  15 |  985.2 |
        Temple |    167 |    125 |     42 |      0 |    122 |   1 |  167.0 |
          Lair |   4959 |   4178 |    781 |     13 |   3267 |   6 |  826.5 |
   Spider Nest |   3283 |   2856 |    427 |    395 |   1734 |   4 |  820.8 |
  Orcish Mines |   3098 |   2444 |    654 |    356 |   1285 |   2 | 1549.0 |
   Elven Halls |   3632 |   3398 |    234 |    807 |   1532 |   3 | 1210.7 |
        Depths |   1781 |   1736 |     45 |    663 |    564 |   2 |  890.5 |
         Abyss |    412 |    412 |      0 |      0 |    184 |   1 |  412.0 |
        Bailey |    914 |    914 |      0 |    385 |    207 |   1 |  914.0 |
               +--------+--------+--------+--------+--------+-----+--------+

Top non-repeatable levels by time:
   Orc:2: 2366 daAuts
    D:12: 1744 daAuts
     D:5: 1681 daAuts
Depths:1: 1437 daAuts
   Elf:3: 1396 daAuts
     D:4: 1321 daAuts
   Elf:1: 1210 daAuts
     D:6: 1148 daAuts
Spider:1: 1068 daAuts
    D:10: 1068 daAuts
    D:11: 1061 daAuts
Spider:4: 1029 daAuts
   Elf:2: 1025 daAuts
    D:15: 1025 daAuts
  Lair:5: 1021 daAuts
